 Dungeon Crawl Stone Soup version 0.29-a0-43-g62a80824bf (webtiles) character file.

Game seed: 5979812132761566125

23 Hubjo the Sneak (level 2, -3/21 HPs)
             Began as a Vampire Enchanter on Feb 2, 2022.
             Slain by a kobold (5 damage)
             ... on level 2 of the Dungeon.
             The game lasted 00:03:07 (472 turns).

Hubjo the Sneak (Vampire Enchanter)                  Turns: 472, Time: 00:03:07

Health: -3/21      AC:  3    Str:  7    XL:     2   Next: 75%
Magic:  5/5        EV: 12    Int: 17    God:
Gold:   34         SH:  0    Dex: 14    Spells: 5/5 levels left

rFire   . . .      SeeInvis +   a - +1 dagger
rCold   . . .      Faith    .   (no shield)
rNeg    . . .      Spirit   .   b - +0 robe
rPois   .          Reflect  .   (no helmet)
rElec   .          Harm     .   (no cloak)
rCorr   .          Rampage  .   f - +0 pair of gloves
Will    .....                   (no boots)
Stlth   +++.......              (no amulet)
HPRegen 0.27/turn               (no ring)
MPRegen 0.09/turn               (no ring)

@: lethally poisoned (-3 -> -4), flying, healing quickly
A: alive, fangs 3, see invisible, vampiric 1
a: Exsanguinate


You were on level 2 of the Dungeon.
You visited 1 branch of the dungeon, and saw 2 of its levels.

You collected 34 gold pieces.

Inventory:

Hand Weapons
 a - a +1 dagger (weapon)
Armour
 b - a +0 robe (worn)
 f - a +0 pair of gloves (worn)
Potions
 c - a potion of invisibility
 d - 2 potions of flight
 e - a potion of degeneration {unknown}
 g - a potion of ambrosia {unknown}
 h - a potion of might {unknown}


   Skills:
 * Level 1.0 Fighting
 + Level 1.4 Short Blades
 + Level 2.3 Dodging
 * Level 5.1 Stealth
 - Level 2.0 Spellcasting
 + Level 4.6 Hexes


You had 5 spell levels left.
You didn't know any spells.
Your spell library contained the following spells:

 Spells                   Type           Power      Damage    Failure   Level
 Confusing Touch          Hex            17%        N/A       9%          3
 Tukima's Dance           Hex            17%        N/A       9%          3
 Ensorcelled Hibernation  Hex/Ice        18%        N/A       12%         2
 Dazzling Flash           Conj/Hex       18%        N/A       22%         3


Dungeon Overview and Level Annotations

Branches:
Dungeon (2/15)

Altars:

Shops:
D:2 [


Innate Abilities, Weirdness & Mutations

Your natural rate of healing is accelerated.
You have razor-sharp teeth.
You have supernaturally acute eyesight. (SInv)
You are afflicted with vampirism.


Message History

There is a dry fountain here.
You now have 18 gold pieces (gained 10).
Found a stone staircase leading down.
Found a war axe.
Found 11 gold pieces.
Found 5 gold pieces.
i - a scroll labelled MIUFFO ZASMASM You now have 29 gold pieces (gained 11).
There is a stone staircase leading down here.
You now have 34 gold pieces (gained 5).
An adder comes into view.
A kobold comes into view. It is wielding a +0 short sword.
The adder hisses angrily.
The adder closely misses you. The adder barely misses you.
You miss the adder.
The kobold shouts!
Your bite misses the adder. The adder closely misses you.
You barely miss the adder. The adder bites you.
You hit the adder but do no damage. The adder bites you.
You are poisoned.
The adder poisons you!
The kobold hits you with a +0 short sword.
You closely miss the adder.
You feel sick. The adder bites you.
The kobold hits you with a +0 short sword.
The adder bites you but does no damage.
You hit the adder but do no damage.
You feel sick. The adder barely misses you.
The kobold hits you with a +0 short sword.
You miss the adder.
You feel sick. The adder bites you.
* * * LOW HITPOINT WARNING * * *
The kobold hits you with a +0 short sword.
* * * LOW HITPOINT WARNING * * *
As you read the scroll labelled MIUFFO ZASMASM, it crumbles to dust.
The scroll dissolves into smoke.
It was a scroll of fog.
You feel sick. The adder closely misses you. The kobold misses you.
You feel sick. The adder bites you but does no damage.
It was a potion of flight.
You feel very buoyant.
You fly up into the air.
You feel sick. The adder misses you.
The kobold hits you with a +0 short sword.
You die...

##.......##..##...##.....
##...................###
......#.##########>...#
####....# ##......
###.#### ###..#....
####...## ##...###...
......§§# #####..### #..
#..§K###.....## #.
#..§S@§..##### .
#..§§§#### #....##
........ ###....# .......
###....# #....#


You could see an adder and a kobold.

Vanquished Creatures
  4 endoplasms (D:1)
  2 giant cockroaches (D:1)
  A goblin (D:1)
  A hobgoblin (D:2)
  2 kobolds
  3 ball pythons (D:1)
  5 bats
  3 frilled lizards
21 creatures vanquished.

Notes
Turn   | Place    | Note
-------+----------+-------------------------------------------
     0 | D:1      | Hubjo the Vampire Enchanter began the quest for the Orb.
     0 | D:1      | Reached XP level 1. HP: 13/13 MP: 3/3
   137 | D:1      | Reached XP level 2. HP: 19/20 MP: 5/5
   299 | D:2      | Found Goarph's Antique Armour Shoppe.
   302 | D:2      | Reached skill level 1 in Fighting
   307 | D:2      | Reached skill level 5 in Stealth
   472 | D:2      | Slain by a kobold

Illustrated notes

Levels and vault maps discovered:
D:1:      minmay_arrival_shattered_statue, layout_rooms,
          shapermc_ecumenical_altar_hornbeckon
D:2:      layout_rooms, serial_shops, shop, serial_corexii_hall,
          corexii_hall_statues_i, corexii_hall_statues_deadend,
          kennysheep_generic_room_7

Skill      XL: |  1  2 |
---------------+-------+-----
Fighting       | 1 |  1.0
Stealth        | 5 |  5.1
Short Blades   | |  1.4
Dodging        | |  2.3
Spellcasting   | |  2.0
Hexes          | |  4.6

Action                   || total
-------------------------++-------
Melee: Dagger            ||    79
       Bite              ||     9
       Punch             ||     1
  Use: Scroll            ||     1
       Potion            ||     1
 Stab: Sleeping          ||     3
Armor: Robe              ||    18
Dodge: Dodged            ||    80

Table legend: (Time is in decaauts)
 A = Elapsed time spent in this place.
 B = Non-inter-level travel time spent in this place.
 C = Inter-level travel time spent in this place.
 D = Time resting spent in this place.
 E = Time spent auto-exploring this place.
 F = Levels seen in this place.
 G = Mean time per level.
                   A        B        C        D        E       F      G
               +--------+--------+--------+--------+--------+-----+--------+
         Total |    467 |    415 |     52 |      0 |    225 |   2 |  233.5 |
       Dungeon |    467 |    415 |     52 |      0 |    225 |   2 |  233.5 |
               +--------+--------+--------+--------+--------+-----+--------+

Top non-repeatable levels by time:
     D:1: 296 daAuts
     D:2: 170 daAuts
